 Dungeon Crawl Stone Soup version 0.17.0-28-g6e173f8 (webtiles) character file.

5518 septik the Stickfighter (level 10, -27/54 HPs)
             Began as a Gargoyle Gladiator on Nov 27, 2015.
             Was a Priest of Okawaru.
             Annihilated by a cyclops (29 damage)
             ... on level 9 of the Dungeon.
             The game lasted 00:24:35 (9337 turns).

septik the Stickfighter (Gargoyle Gladiator)        Turns: 9337, Time: 00:24:35

Health: -27/54     AC: 21    Str: 22    XL:     10   Next: 70%
Magic:  10/10      EV: 12    Int: 11    God:    Okawaru [***...]
Gold:   204        SH:  0    Dex: 13    Spells: 0 memorised, 9 levels left

rFire  . . .     SeeInvis .     u - +3 quarterstaff (chaos)
rCold  . . .     Clarity  .     B - +5 ring mail of the Harp {Int+3}
rNeg   + + .     SustAt   .     (shield currently unavailable)
rPois  ∞         Gourm    .     c - +0 helmet
rElec  +         Spirit   .     b - +0 cloak (curse)
rCorr  .         Warding  .     (no gloves)
rMut   .         Stasis   .     J - +1 pair of boots {Stlth+}
MR     .....                    (no amulet)
Stlth  ++........               S - ring of positive energy
                                y - +2 ring of strength

@: not resistant to hostile enchantments, unstealthy
A: negative energy resistance 1, electricity resistance, unbreathing,
petrification resistance, rot immunity, AC +7
a: Heroism, Renounce Religion


You were on level 9 of the Dungeon.
You worshipped Okawaru.
Okawaru was most pleased with you.
You were not hungry.

You visited 2 branches of the dungeon, and saw 10 of its levels.

You collected 488 gold pieces.
You spent 284 gold pieces at shops.

Inventory:

Hand Weapons
 a - a +0 quarterstaff
 u - a +3 quarterstaff of chaos (weapon)
Missiles
 d - 6 throwing nets (quivered)
 f - 344 stones
 i - 14 poisoned needles
Armour
 b - a cursed +0 cloak (worn)
 c - a +0 helmet (worn)
 v - a +2 cloak
 B - the +5 ring mail of the Harp (worn) {Int+3}
   (You found it on level 4 of the Dungeon)

   It affects your intelligence (+3).
 J - a +1 pair of boots of stealth (worn)
Jewellery
 y - a +2 ring of strength (left hand)
 S - a ring of positive energy (right hand)
 T - an uncursed amulet of warding {unknown}
Wands
 G - a wand of digging (15)
 O - a wand of digging (7)
Scrolls
 k - 4 scrolls of amnesia {unknown}
 l - 8 scrolls of identify {unknown}
 n - a scroll of enchant weapon {unknown}
 o - a scroll of immolation {unknown}
 p - a scroll of magic mapping {unknown}
 q - a scroll of noise {unknown}
 x - a scroll of recharging {unknown}
 A - 3 scrolls of remove curse
 D - a scroll of enchant armour {unknown}
 I - 3 scrolls of teleportation {unknown}
 P - a scroll of fog {unknown}
 R - a scroll of blinking {unknown}
 U - a scroll of vulnerability {unknown}
 V - a scroll of fear {unknown}
Potions
 g - 3 potions of brilliance {unknown}
 h - 2 potions of might {unknown}
 m - 2 potions of curing
 t - a potion of agility
 w - 2 potions of poison {unknown}
 z - 4 potions of heal wounds
 C - 2 potions of degeneration {unknown}
 F - 2 potions of resistance {unknown}
 K - a potion of flight {unknown}
 L - a potion of berserk rage {unknown}
 M - a potion of mutation {unknown}
Books
 r - a book of Air

   Spells                             Type                      Level
   a - Shock                          Conjuration/Air              1
   b - Swiftness                      Charms/Air                   2
   c - Repel Missiles                 Charms/Air                   2
   d - Static Discharge               Conjuration/Air              3
   e - Lightning Bolt                 Conjuration/Air              5
 H - a book of Spatial Translocations

   Spells                             Type                      Level
   a - Apportation                    Translocation                1
   b - Blink                          Translocation                2
   c - Shroud of Golubria             Charms/Translocation         2
   d - Portal Projectile              Translocation                3
   e - Teleport Other                 Translocation                3
   f - Passage of Golubria            Translocation                4
 N - a book of Conjurations

   Spells                             Type                      Level
   a - Magic Dart                     Conjuration                  1
   b - Searing Ray                    Conjuration                  2
   c - Dazzling Spray                 Conjuration/Hexes            3
   d - Fulminant Prism                Conjuration/Hexes            4
   e - Iskenderun's Mystic Blast      Conjuration                  4
   f - Iskenderun's Battlesphere      Conjuration/Charms           5
Comestibles
 e - 4 bread rations
 j - 2 meat rations
 s - 9 slices of pizza
 E - a beef jerky
 Q - 13 fruits
 W - 5 chunks of flesh


   Skills:
 + Level 2.5 Fighting
 - Level 15.0 Staves
 - Level 1.7 Throwing
 + Level 0.2 Armour
 + Level 2.5 Dodging
 + Level 0.2 Invocations


You had 9 spell levels left.
You didn't know any spells.

Dungeon Overview and Level Annotations

Branches:
Dungeon (9/15)             Temple (1/1) D:5
   Lair: D:8-11         Orc: D:9-12

Altars:
Ashenzari
Cheibriados
Dithmenos
Elyvilon
Fedhas
Gozag
Kikubaaqudgha
Makhleb
Nemelex Xobeh
Okawaru
Qazlal
Ru
Sif Muna
Trog
Vehumet
Xom
Yredelemnul
Zin
The Shining One

Shops:
D:6 !(**

Annotations:
D:8 exclusion: hydra


Innate Abilities, Weirdness & Mutations

You are resistant to torment.
Your stone body is resilient (AC +7).
You are immune to poison.
You resist negative energy.
You are resistant to electric shocks.
You can survive without breathing.
You are immune to petrification.
You are immune to rotting.


Message History

You sock the cyclops!
The cyclops is poisoned.
The cyclops is heavily wounded.
The cyclops hits you but does no damage.
You barely miss the cyclops.
The cyclops is heavily wounded.
You hit the cyclops but do no damage.
The cyclops goes berserk!
The cyclops is severely wounded.
The cyclops hits you!!
Ouch! That really hurt!
* * * LOW HITPOINT WARNING * * *
Throwing (i - inventory. (,) - cycle):
d - 7 throwing nets (quivered)
Press: ? - help, Shift-Dir - straight line, f - cyclops
Aim: a cyclops (severely wounded, berserk, fast, unusually strong, poisoned, lightly drained)
You throw a throwing net. The throwing net hits the cyclops.
The cyclops is too large for the net to hold!
The cyclops is severely wounded.
The cyclops hits you!!
Ouch! That really hurt!
You die...

#.####. #.# #. #.# #.
############.# #.
#.....[....#.# #.
#.#####....#.# ##
.##########.#####.##<#.#
............C.÷....#.#.#
..###..####@......##.#.#####
....)?..(.................
..#.#..########.#......#####
#..C. #.############ .....
#.#........... .....
..#####.#.########## ######
#.......#.##########
....................
##.#.##<#.##########


You could see a cyclops (berserk).

Vanquished Creatures
  An ugly thing (D:8)
  Grinder (D:4)
  Eustachio (D:6)
  3 yaks (D:8)
  A hungry ghost (D:8)
  Edmund (D:5)
  Duvessa (D:5)
  A phantom (D:8)
  3 sky beasts
  A water moccasin (D:8)
  An orc warrior (D:9)
  A black bear (D:8)
  2 centaurs
  7 ogres
  Blork the orc (D:6)
  3 big kobolds (D:8)
  3 giant frogs
  Dowan (D:5)
  3 scorpions
  11 hounds
  A crimson imp (D:5)
  Crazy Yiuf (D:2)
  2 gnoll shamans (D:4)
  4 giant frog skeletons
  An iguana (shapeshifter) (D:6)
  4 jellies
  2 centaur skeletons
  2 orc wizards
  7 worker ants
  5 iguanas
  2 sheep (D:8)
  A hound zombie (D:6)
  A hound skeleton (D:4)
  11 adders
  38 gnolls (D:4)
  2 oozes
  3 shadow imps (D:5)
  2 adder skeletons (D:4)
  An adder zombie (D:8)
  3 worms
  4 giant geckos
  22 orcs
  3 ball pythons
  9 giant cockroaches
  8 goblins
  11 hobgoblins
  14 jackals (D:4)
  14 kobolds
  9 bats
  2 giant gecko skeletons
  8 giant newts
  A jackal zombie (D:8)
  6 quokkas
  A quokka skeleton (D:4)
  4 rats
256 creatures vanquished.

Vanquished Creatures (others)
  A plant (D:8)
1 creature vanquished.

Grand Total: 257 creatures vanquished

Notes
Turn   | Place    | Note
--------------------------------------------------------------
     0 | D:1      | septik the Gargoyle Gladiator began the quest for the Orb.
     0 | D:1      | Reached XP level 1. HP: 12/12 MP: 1/1
    51 | D:1      | Reached XP level 2. HP: 11/17 MP: 2/2
   367 | D:1      | Reached skill level 4 in Staves
   377 | D:1      | Reached XP level 3. HP: 16/21 MP: 3/3
  1101 | D:2      | Found a faded altar to an unknown god.
  1366 | D:2      | Noticed Crazy Yiuf
  1374 | D:2      | Killed Crazy Yiuf
  1374 | D:2      | Reached skill level 5 in Staves
  1374 | D:2      | Reached XP level 4. HP: 3/26 MP: 4/4
  1998 | D:3      | Reached XP level 5. HP: 23/30 MP: 5/5
  2568 | D:4      | Reached skill level 6 in Staves
  2612 | D:4      | Got an ichor-stained ring mail
  2623 | D:4      | Identified the +5 ring mail of the Harp {Int+3} (You found it on level 4 of the Dungeon)
  2789 | D:4      | Found a shadowy altar of Dithmenos.
  2801 | D:4      | Found a blossoming altar of Fedhas.
  2802 | D:4      | Found a glowing golden altar of the Shining One.
  2802 | D:4      | Found a burning altar of Makhleb.
  2804 | D:4      | Found a stormy altar of Qazlal.
  2805 | D:4      | Found a radiant altar of Vehumet.
  2806 | D:4      | Found a bloodstained altar of Trog.
  2949 | D:4      | Reached XP level 6. HP: 32/35 MP: 6/6
  3193 | D:4      | Noticed Grinder
  3273 | D:4      | Reached skill level 7 in Staves
  3522 | D:4      | Paralysed by Grinder for 6 turns
  3532 | D:4      | Paralysed by Grinder for 2 turns
  3535 | D:4      | Killed Grinder
  3535 | D:4      | Reached skill level 8 in Staves
  3535 | D:4      | Reached XP level 7. HP: 13/40 MP: 7/7
  3849 | D:4      | Noticed an ogre
  3876 | D:4      | Killed an ogre
  3876 | D:4      | Reached skill level 9 in Staves
  3883 | D:4      | Reached XP level 8. HP: 13/44 MP: 8/8
  4200 | D:4      | Noticed a centaur
  4210 | D:4      | Killed a centaur
  4442 | D:4      | Reached skill level 10 in Staves
  5457 | D:4      | Found a shadowy altar of Dithmenos.
  5461 | D:4      | Found a blossoming altar of Fedhas.
  5463 | D:4      | Found a glowing golden altar of the Shining One.
  5464 | D:4      | Found a burning altar of Makhleb.
  5465 | D:4      | Found a radiant altar of Vehumet.
  5466 | D:4      | Found a stormy altar of Qazlal.
  5468 | D:4      | Found a bloodstained altar of Trog.
  5963 | D:5      | Entered Level 5 of the Dungeon
  5963 | D:5      | Noticed Edmund
  5977 | D:5      | Killed Edmund
  5977 | D:5      | Reached skill level 11 in Staves
  6154 | D:5      | Noticed Duvessa
  6155 | D:5      | Noticed Dowan
  6169 | D:5      | Killed Duvessa
  6169 | D:5      | Reached XP level 9. HP: 48/48 MP: 9/9
  6178 | D:5      | Killed Dowan
  6323 | D:5      | Found a staircase to the Ecumenical Temple.
  6332 | Temple   | Entered the Ecumenical Temple
  6336 | Temple   | Became a worshipper of Warmaster Okawaru
  6740 | D:6      | Reached skill level 12 in Staves
  7009 | D:6      | Noticed Blork the orc
  7040 | D:6      | Killed Blork the orc
  7047 | D:6      | Found Foahifed's Assorted Antiques.
  7050 | D:6      | Bought a pair of runed boots for 126 gold pieces
  7050 | D:6      | Bought a lumpy grey potion for 25 gold pieces
  7050 | D:6      | Bought a scroll labeled VEUKOTTUECK for 28 gold pieces
  7050 | D:6      | Bought a brown potion for 25 gold pieces
  7115 | D:6      | Noticed Eustachio
  7135 | D:6      | Killed Eustachio
  7265 | D:6      | Found Hibruux's Distillery.
  7271 | D:6      | Bought a potion of heal wounds for 50 gold pieces
  7311 | D:6      | Found Ciefyar's Antique Weapon Emporium.
  7322 | D:6      | Reached * piety under Okawaru
  7331 | D:6      | Reached skill level 13 in Staves
  7407 | D:6      | Found Qagoesurei's General Store.
  7410 | D:6      | Bought a scroll of remove curse for 30 gold pieces
  8083 | D:7      | Reached XP level 10. HP: 48/53 MP: 10/10
  8103 | D:7      | Found a sacrificial altar of Ru.
  8150 | D:7      | Reached ** piety under Okawaru
  8454 | D:8      | Reached skill level 14 in Staves
  8511 | D:8      | Noticed a cyan ugly thing
  8534 | D:8      | Killed a cyan ugly thing
  8796 | D:8      | Reached *** piety under Okawaru
  8836 | D:8      | Noticed a three-headed hydra
  9058 | D:9      | Reached skill level 15 in Staves
  9316 | D:9      | Noticed a cyclops
  9336 | D:9      | HP: 2/54 [cyclops (32)]
  9337 | D:9      | Annihilated by a cyclops

Action                   |  1- 3 |  4- 6 |  7- 9 | 10-12 || total
-------------------------+-------+-------+-------+-------++-------
Melee: Quarterstaff      |   128 |   162 |   401 |   173 ||   864
Throw: Throwing net      |     1 |     2 |       |     1 ||     4
       Stone             |       |       |       |     2 ||     2
 Stab: Distracted        |       |     1 |       |       ||     1
       Held in net/web   |       |     2 |       |       ||     2
       Paralysed         |       |       |    12 |       ||    12
       Petrifying        |       |       |     3 |       ||     3
       Sleeping          |       |       |     1 |     1 ||     2
       Confused          |       |       |       |     2 ||     2
  Eat: Chunk             |     2 |     6 |    14 |     6 ||    28
       Beef jerky        |       |       |     1 |       ||     1
       Fruit             |       |       |       |     1 ||     1
